General information
- name: BNet
- type: Ladder team game (AT/RT)
- host: Battle.net
- saver: UndeadElvis
map: FullScaleAssault
- players: 8
- length: 35:23
- speed: Fast
- version: 1.26 W3XP
- replay type: Public
» download(207 KB)
Players
team 1 (loser)
penguin_hat (
pink | 45 APM | 853 actions | 18:59)
4 Demon Hunter
2 Immolation
2 Evasion
» actions
| Assign group hotkey | 10 | |
| Build / train | 58 | |
| Enter build submenu | 23 | |
| Enter hero's abilities submenu | 4 | |
| Give item / drop item | 4 | |
| Remove unit from queue | 1 | |
| Right click | 313 | |
| Select / deselect | 212 | |
| Select group hotkey | 175 | |
| Use ability | 53 | |
853 total
» units
| Wisp | 18 | |
| Archer | 6 | |
| Goblin Zeppelin | 1 | |
| Chimaera | 8 | |
| Hippogryph | 8 | |
41 total
» upgrades
| Strength of the Wild | 2 | |
| Reinforced Hides | 1 | |
| Corrosive Breath | 1 | |
4 total
» buildings
| Moon Well | 8 | |
| Altar of Elders | 1 | |
| Ancient of War | 1 | |
| Tree of Ages | 1 | |
| Hunter's Hall | 1 | |
| Tree of Eternity | 1 | |
| Ancient of Wind | 1 | |
| Chimaera Roost | 3 | |
| Tree of Life | 3 | |
20 total
» build order
00:23 Moon Well
00:37 Altar of Elders
01:05 Moon Well
01:44 Ancient of War
03:13 Tree of Ages
03:18 Hunter's Hall
03:47 Moon Well
04:38 Moon Well
04:50 Moon Well
04:58 Moon Well
05:39 Tree of Eternity
06:27 Moon Well
06:37 Ancient of Wind
08:18 Chimaera Roost
08:21 Chimaera Roost
08:25 Chimaera Roost
09:05 Moon Well
09:45 Tree of Life
11:11 Tree of Life
18:14 Tree of Life
» items
| Staff of Teleportation | 1 | |
| Scroll of Town Portal | 1 | |
| Potion of Lesser Invulnerability | 1 | |
| Boots of Speed | 1 | |
4 total
SirMickJagger (
yellow | 33 APM | 911 actions | 27:33)
4 Warden
1 Blink
1 Fan of Knives
2 Shadow Strike
4 Priestess of the Moon
2 Searing Arrows
2 Trueshot Aura
3 Keeper of the Grove
1 Force of Nature
1 Entangling Roots
1 Thorns Aura
» actions
| Assign group hotkey | 18 | |
| Build / train | 115 | |
| Enter build submenu | 27 | |
| Enter hero's abilities submenu | 11 | |
| Right click | 402 | |
| Select / deselect | 243 | |
| Select group hotkey | 45 | |
| Use ability | 50 | |
911 total
» units
| Wisp | 29 | |
| Archer | 19 | |
| Huntress | 1 | |
| Hippogryph | 11 | |
| Faerie Dragon | 3 | |
| Chimaera | 6 | |
| Druid of the Talon | 7 | |
| Grunt | 2 | |
| Wind Rider | 4 | |
82 total
» upgrades
| Strength of the Moon | 3 | |
| Moon Armor | 2 | |
| Nature's Blessing | 1 | |
| Improved Bows | 2 | |
| Hippogryph Taming | 2 | |
| Marksmanship | 1 | |
| Druid of the Talon Training | 2 | |
| Corrosive Breath | 1 | |
| Mark of the Talon | 1 | |
15 total
» buildings
| Altar of Elders | 1 | |
| Moon Well | 8 | |
| Ancient of War | 1 | |
| Ancient of Wonders | 1 | |
| Tree of Ages | 1 | |
| Hunter's Hall | 1 | |
| Tree of Life | 1 | |
| Ancient Protector | 6 | |
| Ancient of Wind | 2 | |
| Tree of Eternity | 1 | |
| Chimaera Roost | 1 | |
| Beastiary | 1 | |
25 total
» build order
00:11 Altar of Elders
00:13 Moon Well
00:23 Ancient of War
02:07 Moon Well
03:55 Ancient of Wonders
03:57 Tree of Ages
04:21 Hunter's Hall
05:00 Moon Well
06:12 Tree of Life
06:18 Ancient Protector
06:50 Ancient of Wind
07:52 Ancient Protector
08:04 Ancient Protector
09:22 Ancient of Wind
11:57 Tree of Eternity
12:42 Ancient Protector
12:51 Moon Well
12:53 Moon Well
14:47 Moon Well
14:49 Chimaera Roost
15:32 Ancient Protector
18:03 Ancient Protector
18:08 Moon Well
22:13 Beastiary
22:58 Moon Well
» items
JacobsTormentor (
blue | 67 APM | 2365 actions | 35:23)
8 Blademaster
3 Wind Walk
3 Critical Strike
1 Bladestorm
1 Mirror Image
» actions
| Assign group hotkey | 279 | |
| Basic commands | 71 | |
| Build / train | 74 | |
| Enter build submenu | 53 | |
| Enter hero's abilities submenu | 8 | |
| Give item / drop item | 8 | |
| Right click | 1114 | |
| Select / deselect | 394 | |
| Select group hotkey | 174 | |
| Use ability | 190 | |
2365 total
» units
| Peon | 8 | |
| Grunt | 4 | |
| Goblin Shredder | 2 | |
| Goblin Sapper | 5 | |
| Wind Rider | 3 | |
| Faerie Dragon | 7 | |
29 total
» upgrades
| Armor | 3 | |
| Spiked Barricades | 3 | |
| Reinforced Defenses | 1 | |
| Ranged Weapons | 3 | |
| Pillage | 1 | |
| Envenomed Spears | 1 | |
| Liquid Fire | 1 | |
| Ensnare | 1 | |
14 total
» buildings
| Orc Burrow | 8 | |
| Altar of Storms | 1 | |
| Barracks | 1 | |
| Voodoo Lounge | 1 | |
| Stronghold | 1 | |
| War Mill | 4 | |
| Great Hall | 2 | |
| Watch Tower | 28 | |
| Fortress | 1 | |
| Beastiary | 15 | |
62 total
» build order
00:12 Orc Burrow
00:36 Altar of Storms
00:52 Barracks
01:20 Orc Burrow
01:47 Voodoo Lounge
02:51 Stronghold
03:51 War Mill
05:06 Great Hall
05:14 Watch Tower
05:14 Watch Tower
05:15 Watch Tower
05:22 Orc Burrow
05:45 Watch Tower
06:52 Watch Tower
08:00 Fortress
08:46 Watch Tower
08:47 Watch Tower
08:48 Watch Tower
08:50 Watch Tower
08:53 Watch Tower
11:10 Watch Tower
11:11 Watch Tower
11:13 Watch Tower
11:14 Watch Tower
11:16 Watch Tower
11:19 War Mill
12:31 War Mill
15:21 Beastiary
15:22 Beastiary
15:23 Beastiary
15:25 Beastiary
15:27 Beastiary
15:29 Beastiary
20:55 Watch Tower
20:55 Watch Tower
20:55 Watch Tower
20:57 Watch Tower
20:57 Watch Tower
20:57 Watch Tower
22:20 Beastiary
22:20 Beastiary
22:21 Beastiary
22:22 Beastiary
22:23 Beastiary
22:28 Beastiary
23:07 Great Hall
23:09 Watch Tower
23:10 Watch Tower
23:13 Watch Tower
23:14 Watch Tower
23:14 Watch Tower
23:14 Watch Tower
23:54 War Mill
25:53 Orc Burrow
25:54 Orc Burrow
25:55 Orc Burrow
26:00 Orc Burrow
26:04 Orc Burrow
27:34 Beastiary
27:35 Beastiary
27:35 Beastiary
» items
| Healing Salve | 5 | |
| Boots of Speed | 1 | |
| Lesser Clarity Potion | 3 | |
| Potion of Healing | 2 | |
| Potion of Mana | 2 | |
| Scroll of Town Portal | 2 | |
| Orb of Lightning | 1 | |
| Staff of Teleportation | 1 | |
| Periapt of Vitality | 2 | |
19 total

»
dbo_is_i (
red | 28 APM | 555 actions | 20:09)
4 Blademaster
2 Wind Walk
1 Critical Strike
1 Mirror Image
1 Tauren Chieftain
1 War Stomp
» actions
| Assign group hotkey | 6 | |
| Build / train | 44 | |
| Enter build submenu | 18 | |
| Enter hero's abilities submenu | 5 | |
| Right click | 252 | |
| Select / deselect | 182 | |
| Select group hotkey | 12 | |
| Use ability | 36 | |
555 total
» units
| Peon | 10 | |
| Grunt | 3 | |
| Troll Headhunter/Berserker | 5 | |
| Goblin Zeppelin | 1 | |
| Wind Rider | 7 | |
| Giant Sea Turtle | 1 | |
| Troll Batrider | 3 | |
30 total
» upgrades
| Armor | 1 | |
| Envenomed Spears | 1 | |
| Ranged Weapons | 1 | |
| Liquid Fire | 1 | |
4 total
» buildings
| Altar of Storms | 1 | |
| Orc Burrow | 6 | |
| Barracks | 1 | |
| War Mill | 1 | |
| Voodoo Lounge | 1 | |
| Watch Tower | 6 | |
| Stronghold | 1 | |
| Beastiary | 3 | |
| Fortress | 1 | |
| Great Hall | 1 | |
22 total
» build order
00:14 Altar of Storms
00:18 Orc Burrow
00:47 Barracks
01:43 War Mill
02:41 Orc Burrow
03:29 Voodoo Lounge
04:04 Watch Tower
04:44 Orc Burrow
05:04 Stronghold
05:18 Watch Tower
08:16 Beastiary
08:23 Beastiary
08:33 Beastiary
10:30 Fortress
10:35 Orc Burrow
11:29 Great Hall
11:54 Orc Burrow
13:53 Orc Burrow
14:19 Watch Tower
14:21 Watch Tower
16:41 Watch Tower
16:42 Watch Tower
» items
team 2 (winner)

»
P3nis4UrMom (
purple | 36 APM | 756 actions | 21:02)
4 Death Knight
2 Death Coil
2 Unholy Aura
2 Lich
1 Frost Nova
1 Frost Armor
» actions
| Basic commands | 29 | |
| Build / train | 71 | |
| Enter build submenu | 27 | |
| Enter hero's abilities submenu | 6 | |
| Right click | 318 | |
| Select / deselect | 245 | |
| Use ability | 60 | |
756 total
» units
| Acolyte | 13 | |
| Ghoul | 21 | |
| Crypt Fiend | 2 | |
| Obsidian Statue | 3 | |
| Abomination | 9 | |
48 total
» upgrades
| Cannibalize | 1 | |
| Web | 1 | |
| Disease Cloud | 1 | |
3 total
» buildings
| Ziggurat | 14 | |
| Crypt | 2 | |
| Altar of Darkness | 1 | |
| Halls of the Dead | 1 | |
| Graveyard | 2 | |
| Spirit Tower | 7 | |
| Black Citadel | 1 | |
| Sacrificial Pit | 1 | |
| Nerubian Tower | 3 | |
| Tomb of Relics | 1 | |
| Slaughterhouse | 1 | |
34 total
» build order
01:26 Ziggurat
01:29 Ziggurat
01:32 Crypt
01:40 Crypt
02:32 Altar of Darkness
02:56 Ziggurat
04:30 Halls of the Dead
05:20 Graveyard
07:07 Ziggurat
07:09 Ziggurat
08:58 Ziggurat
09:00 Ziggurat
09:41 Ziggurat
10:00 Spirit Tower
10:23 Black Citadel
10:26 Sacrificial Pit
10:34 Ziggurat
11:31 Nerubian Tower
11:46 Tomb of Relics
11:50 Slaughterhouse
12:32 Spirit Tower
12:33 Nerubian Tower
14:08 Ziggurat
14:14 Ziggurat
14:17 Ziggurat
14:32 Ziggurat
15:05 Nerubian Tower
15:07 Spirit Tower
15:19 Spirit Tower
15:35 Ziggurat
16:32 Spirit Tower
17:19 Spirit Tower
17:42 Graveyard

»
laggin2 (
teal | 61 APM | 1504 actions | 24:29)
5 Death Knight
3 Death Coil
2 Unholy Aura
4 Lich
2 Frost Nova
2 Dark Ritual
3 Crypt Lord
2 Impale
1 Spiked Carapace
» actions
| Assign group hotkey | 22 | |
| Basic commands | 129 | |
| Build / train | 44 | |
| ESC pressed | 7 | |
| Enter build submenu | 17 | |
| Enter hero's abilities submenu | 12 | |
| Give item / drop item | 2 | |
| Right click | 544 | |
| Select / deselect | 274 | |
| Select group hotkey | 364 | |
| Use ability | 89 | |
1504 total
» units
| Acolyte | 2 | |
| Ghoul | 3 | |
| Crypt Fiend | 6 | |
| Obsidian Statue | 7 | |
| Goblin Zeppelin | 1 | |
19 total
» upgrades
| Web | 1 | |
| Destroyer Form | 1 | |
| Creature Attack | 1 | |
3 total
» buildings
| Graveyard | 1 | |
| Crypt | 1 | |
| Altar of Darkness | 1 | |
| Ziggurat | 9 | |
| Tomb of Relics | 1 | |
| Nerubian Tower | 1 | |
| Halls of the Dead | 1 | |
| Slaughterhouse | 2 | |
| Black Citadel | 1 | |
| Spirit Tower | 1 | |
19 total
» build order
00:33 Graveyard
00:38 Crypt
00:56 Altar of Darkness
01:04 Ziggurat
01:14 Tomb of Relics
01:37 Ziggurat
01:56 Nerubian Tower
04:01 Halls of the Dead
04:16 Ziggurat
05:37 Ziggurat
06:47 Slaughterhouse
06:50 Black Citadel
07:24 Slaughterhouse
08:39 Ziggurat
11:07 Ziggurat
13:10 Ziggurat
13:12 Spirit Tower
16:36 Ziggurat
21:13 Ziggurat
» items
| Rod of Necromancy | 1 | |
| Orb of Corruption | 1 | |
| Scroll of Town Portal | 1 | |
3 total
UndeadElvis (
green | 101 APM | 3583 actions | 35:23)
6 Archmage
3 Summon Water Elemental
2 Brilliance Aura
1 Mass Teleport
5 Mountain King
3 Storm Bolt
2 Bash
» actions
| Assign group hotkey | 46 | |
| Basic commands | 261 | |
| Build / train | 180 | |
| ESC pressed | 17 | |
| Enter build submenu | 78 | |
| Enter hero's abilities submenu | 12 | |
| Give item / drop item | 16 | |
| Right click | 1421 | |
| Select / deselect | 559 | |
| Select group hotkey | 700 | |
| Use ability | 293 | |
3583 total
» units
| Peasant | 29 | |
| Footman | 17 | |
| Goblin Shredder | 2 | |
| Goblin Zeppelin | 4 | |
| Dragonhawk Rider | 4 | |
| Gryphon Rider | 4 | |
60 total
» upgrades
| Swords | 3 | |
| Defend | 1 | |
| Armor | 3 | |
| Masonry | 3 | |
| Lumber Harvesting | 2 | |
| Animal War Training | 1 | |
| Storm Hammers | 1 | |
| Cloud | 1 | |
| Plating | 3 | |
| Gunpowder | 3 | |
| Backpack | 1 | |
22 total
» buildings
| Altar of Kings | 2 | |
| Barracks | 2 | |
| Farm | 12 | |
| Arcane Vault | 1 | |
| Town Hall | 3 | |
| Blacksmith | 1 | |
| Keep | 1 | |
| Scout Tower | 47 | |
| Lumber Mill | 2 | |
| Arcane Tower | 5 | |
| Castle | 3 | |
| Guard Tower | 42 | |
| Gryphon Aviary | 4 | |
125 total
» build order
00:06 Altar of Kings
00:08 Barracks
00:12 Barracks
00:18 Farm
01:03 Altar of Kings
01:24 Farm
01:56 Arcane Vault
02:34 Farm
03:05 Farm
04:06 Town Hall
04:17 Farm
05:09 Blacksmith
06:18 Keep
06:45 Scout Tower
06:47 Lumber Mill
06:50 Scout Tower
06:56 Lumber Mill
07:11 Arcane Tower
07:11 Arcane Tower
07:43 Arcane Tower
08:02 Farm
08:40 Castle
08:40 Castle
09:01 Scout Tower
09:02 Scout Tower
09:03 Scout Tower
09:05 Scout Tower
09:09 Scout Tower
09:11 Scout Tower
09:17 Scout Tower
09:44 Guard Tower
09:44 Guard Tower
09:45 Guard Tower
09:45 Guard Tower
09:45 Guard Tower
10:02 Guard Tower
10:02 Guard Tower
10:11 Guard Tower
10:11 Guard Tower
10:21 Town Hall
10:23 Scout Tower
10:25 Scout Tower
10:27 Scout Tower
10:29 Scout Tower
10:56 Guard Tower
10:56 Guard Tower
10:58 Guard Tower
10:58 Guard Tower
11:40 Scout Tower
11:40 Scout Tower
11:41 Scout Tower
11:42 Scout Tower
11:43 Scout Tower
11:48 Scout Tower
12:24 Gryphon Aviary
12:25 Gryphon Aviary
12:37 Guard Tower
12:37 Guard Tower
12:38 Guard Tower
12:38 Guard Tower
13:10 Gryphon Aviary
13:14 Gryphon Aviary
13:50 Scout Tower
13:51 Scout Tower
13:51 Scout Tower
14:45 Guard Tower
14:45 Guard Tower
14:53 Scout Tower
14:56 Scout Tower
14:59 Scout Tower
15:01 Scout Tower
15:05 Scout Tower
15:13 Farm
15:45 Guard Tower
15:49 Scout Tower
15:51 Scout Tower
15:56 Scout Tower
15:58 Guard Tower
16:01 Scout Tower
16:04 Scout Tower
16:07 Scout Tower
16:18 Scout Tower
16:19 Scout Tower
16:20 Scout Tower
16:21 Scout Tower
16:22 Scout Tower
16:55 Guard Tower
16:56 Guard Tower
16:57 Guard Tower
17:44 Guard Tower
17:56 Farm
17:57 Farm
17:59 Farm
18:04 Farm
19:22 Farm
26:48 Scout Tower
26:49 Scout Tower
26:49 Scout Tower
26:50 Scout Tower
26:51 Scout Tower
28:04 Guard Tower
28:04 Guard Tower
28:07 Town Hall
28:11 Scout Tower
28:12 Scout Tower
28:13 Scout Tower
28:14 Scout Tower
28:42 Guard Tower
28:42 Guard Tower
28:45 Guard Tower
28:45 Guard Tower
» items
| Scroll of Regeneration | 6 | |
| Boots of Speed | 2 | |
| Staff of Teleportation | 2 | |
| Orb of Fire | 1 | |
| Staff of Sanctuary | 1 | |
| Scroll of Town Portal | 2 | |
| Potion of Healing | 2 | |
| Potion of Lesser Invulnerability | 2 | |
| Orb of Venom | 1 | |
| Scroll of Healing | 1 | |
| Mechanical Critter | 2 | |
22 total
Mofuggly (
orange | 23 APM | 828 actions | 35:23)
3 Priestess of the Moon
1 Searing Arrows
2 Trueshot Aura
2 Dark Ranger
1 Black Arrow
1 Life Drain
» actions
| Assign group hotkey | 9 | |
| Basic commands | 95 | |
| Build / train | 61 | |
| ESC pressed | 6 | |
| Enter build submenu | 20 | |
| Enter hero's abilities submenu | 5 | |
| Right click | 304 | |
| Select / deselect | 264 | |
| Select group hotkey | 18 | |
| Use ability | 46 | |
828 total
» units
| Wisp | 18 | |
| Archer | 4 | |
| Huntress | 4 | |
| Mountain Giant | 2 | |
| Druid of the Talon | 4 | |
| Dryad | 6 | |
| Gargoyle | 3 | |
| Obsidian Statue | 2 | |
43 total
» upgrades
| Sentinel | 1 | |
| Strength of the Wild | 2 | |
| Reinforced Hides | 2 | |
| Abolish Magic | 1 | |
| Creature Carapace | 1 | |
| Creature Attack | 1 | |
8 total
» buildings
| Altar of Elders | 1 | |
| Moon Well | 7 | |
| Ancient of War | 2 | |
| Ancient of Wonders | 1 | |
| Hunter's Hall | 2 | |
| Tree of Ages | 1 | |
| Ancient of Lore | 2 | |
| Ancient of Wind | 1 | |
| Tree of Life | 1 | |
| Tree of Eternity | 1 | |
19 total
» build order
00:07 Altar of Elders
00:19 Moon Well
01:08 Ancient of War
01:35 Ancient of War
01:53 Moon Well
02:16 Ancient of Wonders
02:52 Hunter's Hall
03:46 Moon Well
04:39 Tree of Ages
05:13 Moon Well
06:47 Hunter's Hall
07:45 Ancient of Lore
08:44 Ancient of Wind
09:23 Moon Well
09:44 Tree of Life
11:33 Ancient of Lore
14:04 Moon Well
15:32 Moon Well
16:36 Tree of Eternity
Chat log
(00:21 / All) JacobsTormentor: what'
(00:27 / All) JacobsTormentor: s everyone's favorite batman villain?
(00:38 / All) Mofuggly: ivy
(00:41 / All) UndeadElvis: Robin, his homosexual partner
(00:45 / All) SirMickJagger: catwoman
(00:45 / All) UndeadElvis: a villain to be feared
(00:58 / All) JacobsTormentor: fuck you faggots
(00:59 / All) Mofuggly: oops i mean harley quinn
(01:00 / All) SirMickJagger: or fucked
(01:11 / All) UndeadElvis: fucked my build order this game
(01:25 / All) JacobsTormentor: what's with you girl power queers
(01:36 / All) UndeadElvis: maybe they are gamer gurrrrllls
(01:49 / All) SirMickJagger: yAY
(02:08 / All) JacobsTormentor: what's your favorite villain in the Nolan movies
(02:23 / All) UndeadElvis: the copy protection, which is inside of the dvds
(02:24 / All) laggin2: the overrated nolan movies you mean
(02:38 / All) JacobsTormentor: they are awesome you hipster queer
(02:48 / All) laggin2: overrated you uncultured idiot
(02:50 / All) UndeadElvis: Completely fucked my build order this game
(02:56 / All) UndeadElvis: been playing worse the past 2 days
(02:57 / All) UndeadElvis: no idea why
(03:15 / All) P3nis4UrMom: shhh I am watching porn
(03:20 / All) JacobsTormentor: what do you think the best comic book adaption is teal?
(03:28 / All) UndeadElvis: what type of porn
(03:29 / All) P3nis4UrMom: ur mom sucking my cock
(03:30 / All) laggin2: BTAS
(03:42 / All) P3nis4UrMom: a girl getting it from behind
(03:46 / All) JacobsTormentor: what does that stand for
(03:47 / All) UndeadElvis: he, you mean he
(03:50 / All) UndeadElvis: my mom is a post op
(03:56 / All) laggin2: batman the animated series
(03:57 / All) P3nis4UrMom: post ho?
(03:59 / All) JacobsTormentor: purple shut up you virgin
(04:02 / All) JacobsTormentor: oh you gay
(04:20 / All) P3nis4UrMom: sometimes
(04:26 / All) P3nis4UrMom: only when I do anal
(07:34 / All) UndeadElvis: is that normal for you
(07:40 / All) UndeadElvis: your creeping pattern?
(08:29 / All) penguin_hat: is that normal for you
(08:35 / All) penguin_hat: to question enemy strat?
(08:40 / All) UndeadElvis: of course son
(12:04 / Allies) Mofuggly: wood pls
(12:50 / Allies) P3nis4UrMom: wtf
(18:47 / Allies) Mofuggly: omg
(18:52 / Allies) Mofuggly: green
(19:08 / All) UndeadElvis: BACKSTABBER
(19:11 / All) UndeadElvis: ORANGE IS BSING!
(19:15 / Allies) Mofuggly: stop i cant get out fagit
(19:30 / Allies) Mofuggly: i had to kill a farm to move
(19:33 / Allies) Mofuggly: wtf
(19:41 / All) UndeadElvis: YOU ARE A BSER
(19:42 / All) UndeadElvis: TKING SCUM
(19:45 / All) UndeadElvis: YOU MUST PAY FOR YOUR SINS
(19:47 / All) UndeadElvis: REPENT
(19:48 / All) UndeadElvis: REPENT
(19:49 / All) UndeadElvis: REPENT!
(19:49 / Allies) Mofuggly: nigga stfu
(20:06 / All) dbo_is_i: gg
(20:12 / All) UndeadElvis: NOT OVER YET
(20:13 / All) JacobsTormentor: you're in deep shit!
(20:13 / All) UndeadElvis: STAY SONS
(20:18 / All) UndeadElvis: I AM KILLIGN A BSER ON OUR SIDE
(20:20 / All) UndeadElvis: EVIL TKER ORANGE
(20:41 / All) Mofuggly: it looks to me like you're the one bsing homo
(20:58 / Allies) P3nis4UrMom: omg u fuking morons
(21:07 / All) UndeadElvis: FUCKING ORANGE
(21:09 / All) UndeadElvis: BACKSTABBER
(21:10 / All) Mofuggly: greens bsing so wtf
(21:12 / All) UndeadElvis: YOU LOST US THE GAME FAGGOT
(21:25 / All) Mofuggly: wow i was the one that went to save your base from pink
(21:30 / All) UndeadElvis: I HAD DHAWKS
(21:32 / All) UndeadElvis: I KILLED THEM MYSELF
(21:42 / All) UndeadElvis: I DIDN'T NEED YOUR MONGOLOID HELP
(22:44 / All) UndeadElvis: BACKSTABBER
(22:50 / All) UndeadElvis: YOU TRIED TO KILL ME WITH A DOTT
(22:52 / All) UndeadElvis: I HAVE EVIDENCE
(22:55 / All) UndeadElvis: PHOTOGRAPHIC, VIDEO
(22:57 / All) UndeadElvis: I AM RECORDING THIS
(23:01 / All) UndeadElvis: AND REPORTING YOU TO BLIZZARD
(23:11 / All) Mofuggly: in squelching you retard.
(23:22 / All) UndeadElvis: I AM SQUELCHED
(23:24 / All) UndeadElvis: WHAT EVER SHALL I DO
(24:43 / All) JacobsTormentor: he left before I could deliver a one liner
(25:56 / All) UndeadElvis: YELLOW, I DO NOT APPROVE OF TRESPASSERS ON MY LAND
(26:01 / All) UndeadElvis: DO YOU UNDERSTAND THIS?
(27:03 / All) UndeadElvis: NO MORE TRESPASSERS
(28:29 / All) JacobsTormentor: looks like you lose orange
(28:35 / All) UndeadElvis: Orange is still here
(28:38 / All) UndeadElvis: controlling teal's last shit
(29:40 / All) UndeadElvis: You can leave now
(29:41 / All) UndeadElvis: I have paused, find altqq now
(30:07 / All) Mofuggly: as long as green loses too i dont care
(30:14 / All) JacobsTormentor: He's my buddy
(30:16 / All) JacobsTormentor: My pal
(30:25 / All) JacobsTormentor: He doesn't care if he loses
(30:28 / All) JacobsTormentor: he';s 0-0 like me
(30:30 / All) UndeadElvis: This is a 0-0 account
(30:39 / All) UndeadElvis: Orange is 4-5
(30:41 / All) UndeadElvis: he is awful
(30:46 / All) UndeadElvis: teal is 21-23, bad too
(30:57 / All) UndeadElvis: purple is 13-8 which is only okay
(31:11 / All) UndeadElvis: wow
(31:17 / All) UndeadElvis: that resurrection timing was really unfortunate
(31:20 / All) JacobsTormentor: can I attack move into your base
(31:28 / All) UndeadElvis: sure
(31:38 / All) UndeadElvis: he needs the loss after all
(34:49 / All) JacobsTormentor: got anything to say for yourself orange?
(35:02 / All) Mofuggly: yea afk =)
(35:04 / All) UndeadElvis: 2 towers at top
(35:06 / All) UndeadElvis: I'll get them